 Dungeon Crawl Stone Soup version 0.22-a0-136-g83a10e5 (webtiles) character file.

17809 mhoghedin the Slinger (level 12, -8/86 HPs)
             Began as a Halfling Hunter on Feb 3, 2018.
             Was a High Priest of Zin.
             Shot with a bolt by a naga sharpshooter (16 damage)
             ... on level 1 of the Snake Pit.
             The game lasted 00:21:55 (11502 turns).

mhoghedin the Slinger (Halfling Hunter)            Turns: 11502, Time: 00:21:55

Health: -8/86      AC: 15    Str: 17    XL:     12   Next: 87%
Magic:  19/19      EV: 21    Int:  9    God:    Zin [*****.]
Gold:   599        SH:  0    Dex: 16    Spells: 10/11 levels left

rFire    . . .     SeeInvis .   J - +2 scimitar (flame)
rCold    . . .     Gourm    .   (shield restricted)
rNeg     . . .     Faith    .   L - +3 ring mail {rPois}
rPois    +         Spirit   .   u - +2 hat
rElec    .         Reflect  .   (no cloak)
rCorr    .         Harm     .   (no gloves)
MR       .....                  (no boots)
Stlth    ++........             y - amulet of regeneration {+regen, !d}
HPRegen  0.64/turn              g - +5 ring of protection
MPRegen  0.16/turn              m - ring of stealth {Stlth+}

@: lethally poisoned (-8 -> -9)
A: small, mutation resistance 1
a: Recite, Vitalisation, Imprison, Sanctuary, Donate Gold, Renounce Religion


You were on level 1 of the Snake Pit.
You worshipped Zin.
Zin was extremely pleased with you.
You were not hungry.

You visited 3 branches of the dungeon, and saw 13 of its levels.

You collected 716 gold pieces.
You donated 117 gold pieces to Zin.

Inventory:

Hand Weapons
 a - a +3 hunting sling of electrocution
 b - the +8 falchion "Hyosur" {venom, rN+ Dex+3}
   (You took it off a gnoll on level 5 of the Dungeon)

   It poisons the flesh of those it strikes.
   It affects your dexterity (+3).
   It protects you from negative energy.
 J - a +2 scimitar of flaming (weapon)
   (You took it off Erica on level 1 of the Lair of Beasts)
Missiles
 d - 96 sling bullets
 j - 191 stones (quivered)
 q - 4 curare-tipped needles
 v - a throwing net {=f, !d}
Armour
 u - a +2 hat (worn)
   (You found it on level 2 of the Dungeon)
 L - a +3 ring mail of poison resistance (worn)
   (You found it on level 7 of the Dungeon)
Magical Staves
 H - an uncursed staff of energy {unknown}
   (You found it on level 3 of the Lair of Beasts)
Jewellery
 g - a +5 ring of protection (left hand)
   (You found it on level 1 of the Dungeon)
 i - an uncursed ring of resist corrosion
   (You found it on level 4 of the Dungeon)
 m - a ring of stealth (right hand) {Stlth+}
   (You found it on level 4 of the Dungeon)
 y - an amulet of regeneration (around neck) {+regen, !d}
   (You found it on level 2 of the Dungeon)
Wands
 l - a wand of paralysis (32)
   (You found it on level 5 of the Dungeon)
 w - a wand of digging (10)
   (You found it on level 7 of the Dungeon)
 z - a wand of scattershot (4)
   (You found it on level 8 of the Dungeon)
 A - a wand of acid (5)
   (You found it on level 3 of the Dungeon)
Scrolls
 h - a scroll of fear
 k - 7 scrolls of remove curse
 n - a scroll of blinking {!r}
 p - a scroll of teleportation
 s - a scroll of enchant armour
 t - 4 scrolls of silence
 K - 2 scrolls of amnesia
 M - 3 scrolls of noise {unknown}
Potions
 e - 4 potions of heal wounds
 o - 12 potions of curing
 r - a potion of brilliance
 x - 2 potions of might
 B - a potion of resistance
 C - a potion of cancellation
 D - 3 potions of flight
 E - a potion of magic
 F - a potion of haste {unknown}
 G - a potion of agility
 I - a potion of berserk rage {unknown}
Books
 c - a book of Callings
   (You found it on level 3 of the Lair of Beasts)
Comestibles
 f - 14 rations


   Skills:
 + Level 9.4 Fighting
 + Level 8.1 Long Blades
 - Level 12.0 Slings
 + Level 11.1 Dodging
 - Level 1.1 Stealth
 + Level 10.2 Invocations


You had 10 spell levels left.
You knew the following spells:

 Your Spells              Type           Power        Failure   Level  Hunger
g - Apportation           Tloc           #.....       58%         1    ##.....


Dungeon Overview and Level Annotations

Branches:
Dungeon (9/15)             Temple (0/1) D:5            Lair (3/6) D:9
 Shoals (0/4) Lair:2        Snake (1/4) Lair:3
    Orc: D:9-12

Altars:
Cheibriados
Elyvilon
Hepliaklqana
Kikubaaqudgha
Qazlal
Vehumet
Zin
Beogh

Shops:
D:2 *

Annotations:
D:7 1 runed door


Innate Abilities, Weirdness & Mutations

You are small and have problems with some larger weapons.
You are somewhat resistant to further mutation.


Message History

Firing (i - inventory. (/) - cycle)
j - 193 stones (quivered)
Aim: a naga, wielding a dire flail and wearing a robe You shoot a stone.
The stone hits the naga but does no damage.
Firing (i - inventory. (/) - cycle)
j - 192 stones (quivered)
Aim: a naga, wielding a dire flail and wearing a robe You shoot a stone.
The stone hits the naga but does no damage.
Lightning courses through the naga!
Firing (i - inventory. (/) - cycle)
j - 191 stones (quivered)
Aim: a naga, wielding a dire flail and wearing a robe (heavily wounded)
You shoot a stone. The stone hits the naga!
Firing (i - inventory. (/) - cycle)
j - 190 stones (quivered)
Aim: a naga, wielding a dire flail and wearing a robe (almost dead)
You shoot a stone. The stone barely misses the naga.
Firing (i - inventory. (/) - cycle)
j - 189 stones (quivered)
Aim: a naga, wielding a dire flail and wearing a robe (almost dead)
You shoot a stone.
The stone hits the naga but does no damage.
Lightning courses through the naga!
You kill the naga!
No target in view!
No target in view!
j - 189 stones (gained 1)
Things that are here:
a dire flail; a robe
j - 190 stones (gained 1)
j - 193 stones (gained 3)
j - 194 stones (gained 1)
M - 3 scrolls labeled VEOLAT ZOOTA A naga sharpshooter comes into view.
It is wielding a dire flail.
Firing (i - inventory. (/) - cycle)
j - 194 stones (quivered)
Aim: a naga sharpshooter, wielding a dire flail (resting)
You shoot a stone. The stone hits the naga sharpshooter.
The naga sharpshooter shouts!
Firing (i - inventory. (/) - cycle)
j - 193 stones (quivered)
Aim: a naga sharpshooter, wielding a dire flail (lightly wounded)
You shoot a stone.
The stone hits the naga sharpshooter but does no damage.
The naga sharpshooter unwields an uncursed dire flail.
The naga sharpshooter wields an uncursed arbalest.
The naga sharpshooter shoots a bolt.
The bolt barely misses you.
Firing (i - inventory. (/) - cycle)
j - 192 stones (quivered)
Aim: a naga sharpshooter, wielding an arbalest (lightly wounded)
You shoot a stone. The stone hits the naga sharpshooter!
Lightning courses through the naga sharpshooter!
You start waiting.
Wield which item (- for none, * to show all)? (? for menu, Esc to quit)
Your +3 hunting sling of electrocution stops crackling.
Your +2 scimitar of flaming bursts into flame!
J - a +2 scimitar of flaming (weapon)
You hit the naga sharpshooter. You burn the naga sharpshooter.
The naga sharpshooter spits poison at you.
The splash of poison hits you!
You are poisoned.
You resist.
You slash the naga sharpshooter! You burn the naga sharpshooter.
You feel sick.
The naga sharpshooter casts a spell.
The naga sharpshooter magically shoots a bolt.
The bolt hits you!
You take 16 damage, and have 70/86 hp.
You hit the naga sharpshooter. You burn the naga sharpshooter.
The naga sharpshooter shoots a bolt.
The bolt completely misses you.
Unknown command.
You completely miss the naga sharpshooter.
You feel sick.
The naga sharpshooter spits poison at you.
The splash of poison misses you.
You take 1 damage, and have 70/86 hp.
You barely miss the naga sharpshooter.
The naga sharpshooter shoots a bolt.
The bolt hits you!
You take 12 damage, and have 58/86 hp.
You barely miss the naga sharpshooter.
You feel sick.
You take 1 damage, and have 57/86 hp.
Unknown command.
You completely miss the naga sharpshooter.
The naga sharpshooter shoots a bolt.
The bolt completely misses you.
You slash the naga sharpshooter! You burn the naga sharpshooter.
The naga sharpshooter casts a spell.
The naga sharpshooter magically shoots a bolt.
The bolt hits you!
You take 16 damage, and have 42/86 hp.
You closely miss the naga sharpshooter.
The naga sharpshooter spits poison at you.
The splash of poison misses you.
You closely miss the naga sharpshooter.
You feel sick.
The naga sharpshooter shoots a bolt.
The bolt hits you!
You take 16 damage, and have 26/86 hp.
Unknown command.
You closely miss the naga sharpshooter.
The naga sharpshooter shoots a bolt.
The bolt hits you!!
* * * LOW HITPOINT WARNING * * *
You take 19 damage, and have 7/86 hp.
MASSIVE DAMAGE!!
You slash the naga sharpshooter! You burn the naga sharpshooter.
You slash the naga sharpshooter! You burn the naga sharpshooter.
The naga sharpshooter mumbles some strange words.
The naga sharpshooter magically shoots a bolt.
The bolt hits you!
You die...

### ##......## ..# .
#........##### #.###### ..
#........ #..# #..##.## .#.....N.
#.####..##... .. .......
##...##..##... . .. #....
###.....#..#.... #. #.
#..###............... #.##.#
#.#@........[....... ......
##N................. ......
###............##.....
......#####...#............#.....
#.<##.....##...........##....
##........##...........##....
##........##............#....
#..........##...........#....
##.........##...............#


You could see a naga sharpshooter.

Vanquished Creatures
  A hydra (Lair:2)
  Erica (Lair:1)
  A two-headed ogre (D:8)
  Nergalle (Lair:2)
  The ghost of mhoghedin the Shield-Bearer, a novice HaFi of Zin (D:5)
  A naga mage (Snake:1)
  3 black mambas
  A spiny frog (Lair:2)
  2 trolls (D:9)
  A queen bee (D:8)
  Prince Ribbit (D:8)
  8 blink frogs
  A hornet (D:9)
  3 hippogriffs
  Sigmund (D:2)
  2 wyverns
  14 yaks
  A basilisk (Lair:3)
  Menkaure (D:5)
  3 nagas (Snake:1)
  9 water moccasins
  Duvessa (D:7)
  2 porcupines
  An orc warrior (D:9)
  5 sky beasts
  3 phantoms
  3 black bears
  3 ice beasts
  3 ogres
  5 centaurs
  3 wolves (Lair:3)
  4 crocodiles
  2 big kobolds (D:9)
  7 bullfrogs
  A wyvern zombie (D:9)
  2 gnoll sergeants (D:9)
  A wyvern skeleton (D:7)
  A scorpion (D:9)
  Dowan (D:7)
  18 killer bees
  A howler monkey (D:6)
  An electric eel (Lair:3)
  2 crimson imps
  2 bullfrog zombies (D:4)
  A quasit (D:7)
  A centaur zombie (D:8)
  9 hounds
  2 bullfrog skeletons
  4 jellies
  4 orc priests
  Jessica (D:3)
  Natasha (twice) (D:2)
  3 iguanas
  5 orc wizards
  5 worker ants
  A human simulacrum (D:9)
  A hound zombie (D:4)
  3 hound skeletons
  2 howler monkey zombies (D:4)
  A worker ant zombie (D:4)
  12 gnolls
  19 adders
  3 shadow imps
  3 adder skeletons
  5 adder zombies (D:4)
  3 worms
  2 dart slugs (D:1)
  4 leopard geckos
  19 orcs
  6 bats
  9 giant cockroaches
  7 hobgoblins
  20 jackals
  2 quokkas
  4 frilled lizards
  8 goblins
  6 kobolds
  3 leopard gecko skeletons
  A leopard gecko zombie (D:4)
  A quokka skeleton (D:5)
  A quokka zombie (D:6)
  6 rats
318 creatures vanquished.

Vanquished Creatures (others)
  A water moccasin skeleton (D:7)
  A jelly (D:7)
2 creatures vanquished.

Grand Total: 320 creatures vanquished

Notes
Turn   | Place    | Note
-------+----------+-------------------------------------------
     0 | D:1      | mhoghedin the Halfling Hunter began the quest for the Orb.
     0 | D:1      | Reached XP level 1. HP: 14/14 MP: 1/1
   120 | D:1      | Reached skill level 2 in Fighting
   120 | D:1      | Reached skill level 6 in Slings
   120 | D:1      | Reached XP level 2. HP: 18/19 MP: 2/2
   552 | D:1      | Reached XP level 3. HP: 24/24 MP: 3/3
   804 | D:1      | Found a roughly hewn altar of Beogh.
   804 | D:1      | Noticed an orc warrior
   963 | D:2      | Noticed Sigmund
  1065 | D:2      | Reached skill level 3 in Dodging
  1113 | D:2      | Reached XP level 4. HP: 26/30 MP: 4/4
  1137 | D:2      | Found Zin's Purification Station.
  1139 | D:2      | Found a glowing silver altar of Zin.
  1196 | D:2      | Killed Sigmund
  1196 | D:2      | Reached skill level 3 in Fighting
  1196 | D:2      | Reached skill level 7 in Slings
  1196 | D:2      | Reached skill level 4 in Dodging
  1196 | D:2      | Reached XP level 5. HP: 25/36 MP: 5/5
  1196 | D:2      | Reached XP level 6. HP: 29/42 MP: 6/6
  1197 | D:2      | Noticed Natasha
  1209 | D:2      | Killed Natasha
  1276 | D:2      | Became a worshipper of Zin the Law-Giver
  1277 | D:2      | Donated 46 gold pieces to Zin
  1501 | D:2      | Reached * piety under Zin
  1555 | D:2      | Noticed Natasha
  1604 | D:2      | Killed Natasha
  1796 | D:3      | Found a radiant altar of Vehumet.
  1796 | D:3      | Found a hazy altar of Hepliaklqana.
  2038 | D:3      | Noticed Jessica
  2040 | D:3      | Killed Jessica
  2278 | D:4      | Reached skill level 1 in Invocations
  2278 | D:4      | Reached XP level 7. HP: 43/47 MP: 7/7
  2307 | D:4      | Reached skill level 8 in Slings
  2336 | D:4      | Reached skill level 4 in Fighting
  2357 | D:4      | Reached ** piety under Zin
  2736 | D:4      | Reached skill level 5 in Dodging
  2824 | D:4      | Reached skill level 2 in Invocations
  2921 | D:5      | Entered Level 5 of the Dungeon
  2932 | D:5      | Reached XP level 8. HP: 54/54 MP: 9/9
  2956 | D:5      | Reached *** piety under Zin
  2995 | D:5      | Reached skill level 3 in Invocations
  3009 | D:5      | Reached skill level 9 in Slings
  3229 | D:5      | Noticed mhoghedin's ghost (novice HaFi)
  3254 | D:5      | Killed mhoghedin's ghost
  3254 | D:5      | Reached skill level 5 in Fighting
  3254 | D:5      | Reached skill level 6 in Dodging
  3254 | D:5      | Reached skill level 4 in Invocations
  3354 | D:5      | Found a staircase to the Ecumenical Temple.
  3519 | D:5      | Reached XP level 9. HP: 44/61 MP: 12/12
  3588 | D:5      | Reached skill level 10 in Slings
  3910 | D:5      | Got an iridescent falchion {venom}
  3911 | D:5      | Identified the +8 falchion "Hyosur" {venom, rN+ Dex+3} (You took it off a gnoll on level 5 of the Dungeon)
  4019 | D:5      | Reached skill level 5 in Invocations
  4038 | D:5      | Noticed Menkaure
  4045 | D:5      | Killed Menkaure
  4262 | D:6      | Reached skill level 7 in Dodging
  4340 | D:6      | Reached skill level 1 in Long Blades
  4359 | D:6      | Reached **** piety under Zin
  4469 | D:6      | Reached skill level 6 in Fighting
  4685 | D:7      | Reached skill level 2 in Long Blades
  4708 | D:7      | Noticed Duvessa
  4710 | D:7      | Noticed Dowan
  4728 | D:7      | Killed Duvessa
  4738 | D:7      | Killed Dowan
  4794 | D:7      | Reached XP level 10. HP: 68/68 MP: 14/14
  4855 | D:7      | Reached skill level 11 in Slings
  4855 | D:7      | Reached skill level 6 in Invocations
  4866 | D:7      | Reached skill level 3 in Long Blades
  5037 | D:7      | Found a runed door.
  5505 | D:8      | Reached skill level 8 in Dodging
  5592 | D:8      | Found a white marble altar of Elyvilon.
  5678 | D:8      | Found an ancient bone altar of Kikubaaqudgha.
  5796 | D:8      | Reached skill level 4 in Long Blades
  6035 | D:8      | Noticed a two-headed ogre
  6050 | D:8      | Killed a two-headed ogre
  6050 | D:8      | Reached skill level 7 in Fighting
  6050 | D:8      | Reached skill level 7 in Invocations
  6175 | D:8      | Noticed Prince Ribbit
  6187 | D:8      | Killed Prince Ribbit
  6187 | D:8      | Reached skill level 12 in Slings
  6188 | D:8      | Reached XP level 11. HP: 75/75 MP: 16/16
  6566 | D:8      | Found a snail-covered altar of Cheibriados.
  6567 | D:8      | Found a stormy altar of Qazlal.
  6890 | D:9      | Reached skill level 5 in Long Blades
  6890 | D:9      | Reached skill level 9 in Dodging
  7009 | D:9      | Reached skill level 8 in Invocations
  7426 | D:9      | Found a glowing silver altar of Zin.
  7492 | D:9      | Found a staircase to the Lair.
  7642 | Lair:1   | Entered Level 1 of the Lair of Beasts
  7645 | Lair:1   | Reached skill level 8 in Fighting
  7762 | Lair:1   | Reached skill level 6 in Long Blades
  7771 | Lair:1   | Noticed Erica
  7803 | Lair:1   | Killed Erica
  7975 | Lair:1   | Reached ***** piety under Zin
  8111 | Lair:1   | Reached skill level 10 in Dodging
  8459 | Lair:2   | Reached skill level 9 in Invocations
  8530 | Lair:2   | Reached XP level 12. HP: 82/84 MP: 18/18
  8641 | Lair:2   | Reached skill level 7 in Long Blades
  8754 | Lair:2   | Found a staircase to the Shoals.
  8758 | Lair:2   | Noticed a four-headed hydra
  8772 | Lair:2   | Killed a one-headed hydra
  8960 | D:6      | Reached skill level 9 in Fighting
  9033 | D:3      | Learned a level 1 spell: Apportation
  9484 | Lair:2   | Noticed Nergalle
  9493 | Lair:2   | Killed Nergalle
  9891 | Lair:3   | Found a staircase to the Snake Pit.
  9960 | Lair:3   | Reached skill level 10 in Invocations
 10059 | Lair:3   | Reached skill level 11 in Dodging
 10658 | Lair:3   | Reached skill level 8 in Long Blades
 11252 | Snake:1  | Entered Level 1 of the Snake Pit
 11478 | Snake:1  | Noticed a naga sharpshooter
 11500 | Snake:1  | HP: 7/86 [naga sharpshooter/bolt (20)]
 11502 | Snake:1  | Shot with a bolt by a naga sharpshooter

Vault maps used:
D:1:      erik_arrival_cave_to_civilisation
D:2:      zin_purify, uniq_natasha, uniq_sigmund
D:3:      chequers_temple_overflow_statue_of_worship, uniq_jessica
D:4:      serial_undead, serial_undead_a, serial_undead_c, serial_undead_e,
          serial_undead_e, serial_undead_d, serial_undead_b, serial_undead_b,
          serial_undead_c
D:5:      temple_green, first_ration, uniq_menkaure
D:6:      grunt_decor_cap
D:7:      lemuel_flame_loot_1, uniq_duvessa, uniq_crazy_yiuf_cottage
D:8:      nicolae_overflow_hidden_temple, gammafunk_temple_overflow_pools,
          david_nohive_1, elyvilon_altar_1, uniq_prince_ribbit1
D:9:      lair_entry_dummy, basic_altar, serial_bayou, serial_bayou_pond_b,
          serial_bayou_pond_b, serial_bayou_pond_a, serial_bayou_pond_b,
          bh_circular_ruins
Lair:1:   serial_bayou_shore_a, uniq_erica
Lair:2:   minmay_shoals_entry_centaurs, uniq_nergalle
Lair:3:   minmay_snake_entry_six_corridors, serial_bayou_lake_a
Snake:1:  grunt_megastairs_2

Skill      XL: |  1  2  3  4  5  6  7  8  9 10 11 12 |
---------------+-------------------------------------+-----
Fighting       | 2 3 4 5 6 7 8 9 |  9.4
Slings         | 6 7 8 9 10 12 | 12.0
Dodging        | 3 4 5 6 7 8 10 11 | 11.1
Invocations    | 1 2 4 5 7 9 10 | 10.2
Long Blades    | 2 4 6 8 |  8.1
Stealth        | |  1.1

Action                   |  1- 3 |  4- 6 |  7- 9 | 10-12 || total
-------------------------+-------+-------+-------+-------++-------
Melee: Unarmed           |       |     1 |       |       ||     1
       Falchion          |       |       |    91 |   358 ||   449
       Scimitar          |       |       |       |    31 ||    31
 Fire: Hunting sling     |    73 |   133 |   316 |   261 ||   783
Invok: Donate Gold       |       |     1 |       |       ||     1
       Recite            |       |       |     9 |     5 ||    14
       Vitalisation      |       |       |       |     3 ||     3
       Imprison          |       |       |       |     1 ||     1
Evoke: Wand              |       |       |     6 |       ||     6
  Use: Scroll            |       |    10 |     3 |    10 ||    23
       Potion            |       |     8 |       |       ||     8
 Stab: Sleeping          |       |       |     4 |     5 ||     9
       Distracted        |       |       |     2 |       ||     2
       Paralysed         |       |       |     2 |       ||     2
  Eat: Chunk             |       |     3 |     8 |     9 ||    20
       Ration            |       |       |       |     4 ||     4
Armor: Leather armour    |     4 |     9 |    59 |   100 ||   172
       Ring mail         |       |       |       |    16 ||    16
Dodge: Dodged            |     9 |    19 |   197 |   555 ||   780
       Rpst.: Falchion   |       |       |    26 |   148 ||   174
       Scimitar          |       |       |       |     4 ||     4

Table legend:
 A = Spawn XP
 B = Non-spawn XP
 C = Spawn XP percentage of total XP
 D = Spawn monster count
 E = Non-spawn monster count
 F = Spawn count percentage of total count
 G = Total turns spent on level
                    A         B        C        D         E        F      G
               +---------+---------+-------+---------+---------+-------+---------
         Total |       0 |   25442 |   0.0 |       0 |     318 |   0.0 | 11502
               +---------+---------+-------+---------+---------+-------+---------
           D:1 |       0 |      41 |   0.0 |       0 |      21 |   0.0 |  1006
           D:2 |       0 |     404 |   0.0 |       0 |      25 |   0.0 |   747
           D:3 |       0 |      69 |   0.0 |       0 |      16 |   0.0 |   584
           D:4 |       0 |     381 |   0.0 |       0 |      26 |   0.0 |   692
           D:5 |       0 |    1789 |   0.0 |       0 |      36 |   0.0 |  1353
           D:6 |       0 |     851 |   0.0 |       0 |      22 |   0.0 |   453
           D:7 |       0 |    1484 |   0.0 |       0 |      29 |   0.0 |   914
           D:8 |       0 |    3191 |   0.0 |       0 |      34 |   0.0 |  1382
           D:9 |       0 |    3531 |   0.0 |       0 |      45 |   0.0 |   821
        Lair:1 |       0 |    3203 |   0.0 |       0 |      14 |   0.0 |   708
        Lair:2 |       0 |    5791 |   0.0 |       0 |      21 |   0.0 |  1185
        Lair:3 |       0 |    3732 |   0.0 |       0 |      25 |   0.0 |  1407
       Snake:1 |       0 |     975 |   0.0 |       0 |       4 |   0.0 |   250
               +---------+---------+-------+---------+---------+-------+---------

Vault maps used:
D:1:      erik_arrival_cave_to_civilisation
D:2:      zin_purify, uniq_natasha, uniq_sigmund
D:3:      chequers_temple_overflow_statue_of_worship, uniq_jessica
D:4:      serial_undead, serial_undead_a, serial_undead_c, serial_undead_e,
          serial_undead_e, serial_undead_d, serial_undead_b, serial_undead_b,
          serial_undead_c
D:5:      temple_green, first_ration, uniq_menkaure
D:6:      grunt_decor_cap
D:7:      lemuel_flame_loot_1, uniq_duvessa, uniq_crazy_yiuf_cottage
D:8:      nicolae_overflow_hidden_temple, gammafunk_temple_overflow_pools,
          david_nohive_1, elyvilon_altar_1, uniq_prince_ribbit1
D:9:      lair_entry_dummy, basic_altar, serial_bayou, serial_bayou_pond_b,
          serial_bayou_pond_b, serial_bayou_pond_a, serial_bayou_pond_b,
          bh_circular_ruins
Lair:1:   serial_bayou_shore_a, uniq_erica
Lair:2:   minmay_shoals_entry_centaurs, uniq_nergalle
Lair:3:   minmay_snake_entry_six_corridors, serial_bayou_lake_a
Snake:1:  grunt_megastairs_2

Table legend:
 A = Turns spent in this place as a percentage of turns spent in the entire game.
 B = Non-inter-level travel turns spent in this place as a percentage of non-inter-level travel turns spent in the entire game.
 C = Inter-level travel turns spent in this place as a percentage of turns spent in this place.
 D = Turns resting spent in this place as a percentage of non-inter-level travel turns spent in this place.
 E = Turns spent auto-exploring this place as a percentage of non-inter-level travel turns spent in this place.
 F = Non-inter-level travel turns spent in this place divided by the number of levels of this place that you've seen.
                   A       B       C       D       E      F
               +-------+-------+-------+-------+-------+----------------------
         Total | 100.0 | 100.0 |   5.9 |   4.0 |  74.5 | 832.7
       Dungeon |  69.1 |  68.6 |   6.6 |   5.0 |  71.7 | 825.7
          Lair |  28.7 |  29.1 |   4.7 |   0.8 |  82.3 | 1048.3
     Snake Pit |   2.2 |   2.3 |   0.4 |  15.3 |  60.6 | 249.0
               +-------+-------+-------+-------+-------+----------------------

Table legend:
 A = Kills in this place as a percentage of kills in entire the game.
 B = Kills by you in this place as a percentage of kills by you in the entire game.
 C = Kills by friends in this place as a percentage of kills by friends in the entire game.
 D = Other kills in this place as a percentage of other kills in the entire game.
 E = Experience gained in this place as a percentage of experience gained in the entire game.
 F = Experience gained in this place divided by the number of levels of this place that you have seen.
                   A       B       C       D       E      F
               +-------+-------+-------+-------+-------+----------------------
         Total | 100.0 | 100.0 |   N/A |   N/A | 100.0 | 1957.1
       Dungeon |  79.9 |  79.9 |   N/A |   N/A |  46.1 | 1304.6
          Lair |  18.9 |  18.9 |   N/A |   N/A |  50.0 | 4242.0
     Snake Pit |   1.3 |   1.3 |   N/A |   N/A |   3.8 | 975.0
               +-------+-------+-------+-------+-------+----------------------
